Map: [ESL] Moondance

Players

ShaDoWn

  • Race: Protoss Protoss
  • Spawn Location: 6:00

HeroMarine - Winner!

  • Race: Terran Terran
  • Spawn Location: 12:00

Event: DreamHack SC2 Masters 2022 Valencia

VOD

Have the link to the VOD?

Description

Time

  • Played on: July 1, 2022, 12:53 p.m.
  • Length: 9:20

All games in this series

Show
View Real Time Build Order
Export as new Build Order

ShaDoWn Protoss 

Build Orders: 1 Gate Expand, Blink Stalkers 

Get SALT Encoding   

  12  0:00  Probe  
  13  0:12  Probe  
  14  0:18  Pylon  
  14  0:25  Probe  
  15  0:36  Gateway  
  15  0:37  Probe (Chrono Boost)  
  16  0:44  Assimilator  
  16  0:47  Probe (Chrono Boost)  
  17  0:52  Probe (Chrono Boost)  
  18  1:03  Probe  
  19  1:15  Probe  
  20  1:23  Cybernetics Core  
  20  1:32  Nexus  
  20  1:37  Pylon  
  20  1:40  Probe  
  20  1:47  Assimilator  
  21  1:52  Probe  
  22  1:56  Adept (Chrono Boost)  
  22  1:59  Warp Gate  
  24  2:04  Probe  
  25  2:16  Probe  
  26  2:28  Probe  
  26  2:29  Twilight Council  
  27  2:31  Stalker  
  29  2:41  Probe (Chrono Boost)  
  31  2:45  Probe (Chrono Boost)  
  32  2:51  Probe (Chrono Boost)  
  32  2:53  Probe (Chrono Boost)  
  32  2:57  Probe (Chrono Boost)  
  34  2:58  Probe (Chrono Boost)  
  34  2:59  Blink (Chrono Boost)  
  35  3:07  Probe  
  35  3:10  Probe  
  37  3:14  Gateway  
  37  3:18  Robotics Facility  
  37  3:20  Probe  
  37  3:22  Probe  
  39  3:33  Probe, Gateway  
  40  3:36  Probe, Gateway  
  39  3:45  Probe  
  39  3:48  Stalker, Probe  
  43  3:53  Pylon  
  43  3:57  Probe  
  43  4:00  Probe  
  45  4:09  Probe, Warp Prism (Chrono Boost)  
  46  4:12  Stalker x2  
  46  4:14  Pylon  
  52  4:22  Pylon, Probe  
  52  4:23  Assimilator  
  53  4:32  Stalker x2  
  53  4:36  Stalker x2  
  61  4:39  Observer  
  61  4:41  Probe x2  
  64  4:57  Pylon  
  64  4:59  Stalker x3  
  70  5:02  Probe  
  70  5:03  Probe  
  64  5:14  Probe  
  64  5:16  Stalker  
  64  5:17  Probe  
  68  5:22  Stalker  
  68  5:23  Zealot x2  
  68  5:26  Probe  
  75  5:35  Probe  
  72  5:39  Probe  
  72  5:41  Stalker  
  73  5:44  Stalker x2  
  73  5:47  Probe  
  76  5:52  Probe  
  74  5:58  Stalker  
  74  5:59  Probe  
  74  6:04  Probe  
  78  6:19  Nexus  
  78  6:21  Pylon  
  78  6:23  Pylon  
  78  6:35  Pylon  
  78  6:39  Probe x2  
  80  6:42  Stalker x2  
  84  6:51  Probe  
  84  6:54  Stalker x2, Probe  
  85  6:58  Assimilator  
  86  7:03  Probe  
  86  7:07  Probe  
  80  7:12  Warp Prism  
  80  7:15  Probe  
  79  7:16  Charge (Chrono Boost)  
  79  7:19  Probe  
  79  7:22  Robotics Bay  
  80  7:27  Probe  
  80  7:28  Sentry x2, Zealot x2  
  89  7:31  Probe  
  89  7:32  Probe  
  91  7:39  Probe (Chrono Boost)  
  91  7:43  Probe (Chrono Boost)  
  89  7:45  Probe (Chrono Boost)  
  84  7:51  Probe (Chrono Boost)  
  84  7:55  Probe (Chrono Boost)  
  84  7:57  Probe (Chrono Boost)  
  84  7:58  Shield Battery  
  87  8:00  Probe (Chrono Boost), Zealot x2  
  87  8:01  Probe (Chrono Boost)  
  87  8:02  Probe (Chrono Boost)  
  98  8:13  Shield Battery  
  98  8:15  Zealot x2  
  98  8:17  Probe  
  93  8:27  Robotics Facility  
  93  8:28  Stalker x2  
  93  8:30  Pylon  
  84  8:44  Nexus  
  84  8:45  Pylon  
  77  8:56  Pylon  
Show
View Real Time Build Order
Export as new Build Order

HeroMarine Terran - Winner!

Build Orders: Reaper Expand 

Get SALT Encoding   

  12  0:00  SCV  
  13  0:12  SCV  
  14  0:17  Supply Depot  
  14  0:24  SCV  
  15  0:39  SCV  
  15  0:40  Barracks  
  16  0:43  Refinery  
  16  0:51  SCV  
  17  1:03  SCV  
  18  1:15  SCV  
  19  1:27  Orbital Command, Reaper  
  20  1:39  Command Center  
  20  1:53  SCV  
  21  1:55  Supply Depot  
  21  1:59  Marine  
  22  2:05  SCV  
  23  2:08  Factory  
  23  2:17  SCV  
  23  2:21  Barracks Reactor  
  24  2:25  Bunker  
  25  2:30  SCV  
  25  2:32  Refinery  
  25  2:42  SCV  
  26  2:52  Orbital Command  
  26  2:53  Hellion  
  26  2:54  SCV  
  26  2:57  Starport  
  29  3:00  Marine x2  
  31  3:06  SCV  
  32  3:17  Widow Mine  
  32  3:18  SCV x2, Marine x2  
  38  3:30  SCV x2  
  38  3:33  Supply Depot  
  42  3:42  SCV x2  
  42  3:44  Medivac  
  42  3:46  Widow Mine  
  46  3:52  Barracks  
  46  3:54  Marine  
  46  3:55  SCV x2, Marine  
  50  3:56  Supply Depot  
  50  4:07  SCV  
  50  4:09  Factory Tech Lab  
  51  4:11  SCV  
  51  4:12  Barracks, Marine x2  
  51  4:14  Starport Tech Lab  
  54  4:19  SCV, Supply Depot  
  54  4:21  Engineering Bay  
  54  4:23  SCV  
  56  4:28  Refinery  
  56  4:30  Siege Tank  
  60  4:31  SCV  
  60  4:37  SCV  
  61  4:42  Bunker  
  61  4:43  SCV  
  62  4:47  Viking, Bunker, Marauder  
  62  4:48  Marine x2  
  62  4:52  Stimpack  
  67  5:00  Marine  
  68  5:07  Siege Tank  
  68  5:08  SCV x2  
  68  5:09  Marauder  
  73  5:18  Marine x2  
  73  5:19  Medivac, Supply Depot  
  73  5:20  SCV  
  78  5:26  Supply Depot x2  
  78  5:30  SCV, Marauder  
  78  5:34  SCV  
  78  5:35  Marine  
  73  5:36  Marine  
  73  5:42  SCV  
  72  5:43  Siege Tank  
  72  5:47  Marine  
  76  5:51  Marine  
  76  5:55  SCV x2  
  79  5:57  Marine x2  
  79  6:00  Medivac  
  83  6:06  Supply Depot  
  83  6:07  SCV x2, Marine  
  86  6:12  Marauder  
  86  6:15  Marine x2  
  90  6:19  SCV  
  90  6:21  SCV  
  91  6:25  Marine  
  91  6:26  Refinery  
  91  6:32  Siege Tank  
  95  6:33  Marine x3  
  95  6:38  Medivac  
  100  6:43  Marine  
  101  6:49  SCV x2, Terran Infantry Weapons Level 1  
  101  6:50  Marine x2  
  101  6:51  Marine  
  103  6:56  Combat Shield  
  103  7:00  Missile Turret  
  103  7:01  Marine  
  101  7:05  SCV x2  
  104  7:08  Marine  
  104  7:09  Marauder  
  104  7:13  Medivac  
  109  7:19  Marine  
  109  7:20  Supply Depot  
  110  7:23  Factory Reactor  
  110  7:26  Marine  
  110  7:27  Concussive Shells, Marauder  
  113  7:30  Marauder  
  113  7:37  Marine  
  113  7:42  Command Center  
  114  7:48  Marauder  
  114  7:49  Marine  
  109  7:52  SCV x2, Marauder  
  109  7:55  Marine  
  112  7:59  Missile Turret  
  112  8:00  Supply Depot  
  112  8:01  Barracks x2  
  112  8:04  SCV x2  
  114  8:06  Factory Reactor, Medivac x2  
  114  8:08  Marine  
  114  8:10  Marauder  
  121  8:13  Marine  
  121  8:16  SCV x2  
  124  8:26  Marine x2  
  126  8:31  Marauder x2  
  126  8:33  SCV x2  
  132  8:36  Supply Depot x2  
  128  8:44  Marine x2  
  128  8:45  SCV  
  129  8:52  Marine x2, Marauder x2  
  132  9:01  Marine x2  

Tags
 
Add a new tag
Caveats
  • Supply blocks, unpowered buildings, or Contaminate may cause inaccurate times.
  • Supply counts are checked every 10 seconds.